 Dungeon Crawl Stone Soup version 0.22-a0-280-g69bf1f3 (webtiles) character file.

5722 tilp the Infuser (level 10, -10/83 HPs)
             Began as a Black Draconian Skald on Mar 16, 2018.
             Was a Priest of Wu Jian.
             Mangled by a swamp worm (13 damage)
             ... on level 8 of the Dungeon.
             The game lasted 00:30:27 (8765 turns).

tilp the Infuser (Black Draconian Skald)            Turns: 8765, Time: 00:30:28

Health: -10/83     AC: 13    Str: 17    XL:     10   Next: 48%
Magic:  14/16      EV: 13    Int: 14    God:    Wu Jian [***...]
Gold:   250        SH:  4    Dex: 10    Spells: 10/17 levels left

rFire    . . .     SeeInvis .   a - +0 scimitar "Unteduk" {flame, rPois}
rCold    . . .     Gourm    .   n - +0 buckler
rNeg     . . .     Faith    .   (armour unavailable)
rPois    +         Spirit   .   (helmet restricted)
rElec    +         Reflect  .   w - +2 cloak
rCorr    .         Harm     .   E - +2 pair of gloves
MR       .....                  (no boots)
Stlth    +.........             (no amulet)
HPRegen  0.23/turn              (no ring)
MPRegen  0.15/turn              (no ring)

@: infused (expiring), very slow
A: breathe lightning, unfitting armour, electricity resistance, cold-blooded, AC
+7
a: Breathe Lightning, Wall Jump, Serpent's Lash, Renounce Religion


You were on level 8 of the Dungeon.
You worshipped Wu Jian.
Wu Jian was most pleased with you.
You were not hungry.

You visited 2 branches of the dungeon, and saw 9 of its levels.

You collected 490 gold pieces.
You spent 240 gold pieces at shops.

Inventory:

Hand Weapons
 a - the +0 scimitar "Unteduk" (weapon) {flame, rPois}
   (You took it off an orc on level 6 of the Dungeon)

   It has been specially enchanted to burn those struck by it, causing extra
   injury to most foes and up to half again as much damage against particularly
   susceptible opponents.
   Big, fiery blades are also staple armaments of hydra-hunters.
   It protects you from poison.
 b - a +1 dagger of venom
 e - a +0 dagger of pain
 G - a cursed +4 great sword
Missiles
 d - 250 stones (quivered)
 h - 59 sling bullets
 p - 3 tomahawks
 F - a throwing net
Armour
 n - a +0 buckler (worn)
 w - a +2 cloak (worn)
 E - a +2 pair of gloves (worn)
Jewellery
 o - a +2 ring of strength {unknown}
 t - an uncursed ring of fire {unknown}
Wands
 u - a wand of disintegration (17)
 D - a wand of acid (7)
Scrolls
 f - 2 scrolls of remove curse
 g - 5 scrolls of fog
 j - 2 scrolls of enchant weapon
 l - a scroll of vulnerability
 m - 5 scrolls of teleportation
 r - a scroll of blinking
 x - a scroll of immolation
 y - 2 scrolls of amnesia
 B - 2 scrolls of magic mapping
Potions
 i - a potion of curing
 k - 3 potions of heal wounds
 q - 4 potions of might
 s - 2 potions of flight
 v - a potion of berserk rage {unknown}
 z - a potion of brilliance {unknown}
 A - a potion of degeneration {unknown}
 C - a potion of lignification
 H - a potion of cancellation {unknown}
 J - a potion of agility {unknown}
Comestibles
 c - 24 rations
 I - 17 chunks of flesh


   Skills:
 - Level 6.2 Fighting
 - Level 6.0(6.9) Short Blades
 - Level 4.9(6.3) Long Blades
 - Level 4.0 Dodging
 - Level 4.1 Stealth
 - Level 4.6 Shields
 - Level 4.1 Spellcasting
 - Level 2.2 Hexes
 - Level 8.0 Charms
 - Level 2.2 Necromancy
 + Level 2.0 Evocations


You had 10 spell levels left.
You knew the following spells:

 Your Spells              Type           Power        Failure   Level  Hunger
a - Infusion              Chrm           ####         1%          1    None
b - Regeneration          Chrm/Necr      ###.......   7%          3    ###....
c - Spectral Weapon       Hex/Chrm       ###.....     7%          3    ###....


Dungeon Overview and Level Annotations

Branches:
Dungeon (8/15)             Temple (1/1) D:5
   Lair: D:8-11

Altars:
Ashenzari
Cheibriados
Dithmenos
Elyvilon
Fedhas
Gozag
Hepliaklqana
Nemelex Xobeh
Ru
Sif Muna
Uskayaw
Vehumet
Wu Jian
Xom
Yredelemnul
Zin
The Shining One

Shops:
D:5 *

Annotations:
D:5 mortelune's ghost, novice DsIE
D:8 Joseph


Innate Abilities, Weirdness & Mutations

You can breathe wild blasts of lightning.
Your glossy black scales are hard. (AC +7)
You cannot fit into any form of body armour.
You are resistant to electric shocks. (rElec)
You are cold-blooded and may be slowed by cold attacks.


Message History

The swamp worm bites you!
You hit the swamp worm. You burn the swamp worm. You tail-slap the swamp worm.
The swamp worm is moderately wounded.
The swamp worm bites you but does no damage.
You spin and attack the swamp worm repeatedly.
Your unstable footing causes you to fumble your attack. x2
The swamp worm bites you!
* * * LOW HITPOINT WARNING * * *
The swamp worm misses you.
You hit the swamp worm. You burn the swamp worm.
The swamp worm is heavily wounded.
The swamp worm bites you.
* * * LOW HITPOINT WARNING * * *
You spin and attack the swamp worm.
Your unstable footing causes you to fumble your attack.
Your magical infusion is running out.
The swamp worm bites you!
* * * LOW HITPOINT WARNING * * *
The swamp worm bites you!
You die...

#...# #.# ..... #.#
.....# #.#
......#####.#
≈≈≈≈≈....#.#######
≈≈≈≈≈≈#..........
#######≈≈≈##.#######
##≈≈≈≈≈#≈≈≈...#
#)≈≈@≈≈≈P≈≈.###
##≈≈w≈≈#P≈≈.#
#######≈≈≈.#
≈≈≈≈≈≈#÷# ≈≈≈≈#...#
#.#.####.# #... ..#
### ####


You could see a swamp worm (pinned).

Vanquished Creatures
  A hydra (D:8)
  A two-headed ogre (D:8)
  Grinder (D:3)
  2 dream sheep (D:8)
  Sigmund (D:4)
  2 yaks (D:8)
  A hungry ghost (D:7)
  A swamp worm (D:8)
  4 sky beasts
  An orc warrior (D:6)
  2 ogres
  4 centaurs
  4 bullfrogs
  3 big kobolds (D:8)
  A gnoll sergeant (D:8)
  A wyvern skeleton (D:6)
  A scorpion (D:5)
  5 killer bees (D:8)
  4 wights (D:7)
  The ghost of Arum the Sneak, a weakling OpEn (D:3)
  A crimson imp (D:8)
  2 bullfrog zombies
  2 hounds (D:6)
  A centaur zombie (D:6)
  A gnoll shaman (D:7)
  5 orc priests
  A jelly (D:5)
  An iguana (D:5)
  6 orc wizards
  4 worker ants
  A killer bee zombie (D:6)
  A worker ant zombie (D:7)
  10 gnolls
  12 adders
  3 shadow imps
  4 oozes
  16 worms
  A dart slug (D:4)
  10 leopard geckos
  25 orcs
  7 giant cockroaches
  9 goblins
  8 hobgoblins
  8 jackals
  9 kobolds
  6 quokkas
  2 ball pythons
  6 bats
  A quokka zombie (D:3)
  11 rats
215 creatures vanquished.

Vanquished Creatures (others)
  2 plants (D:8)
2 creatures vanquished.

Grand Total: 217 creatures vanquished

Notes
Turn   | Place    | Note
-------+----------+-------------------------------------------
     0 | D:1      | tilp the Draconian Skald began the quest for the Orb.
     0 | D:1      | Reached XP level 1. HP: 17/17 MP: 3/3
   133 | D:1      | Reached XP level 2. HP: 21/26 MP: 0/5
   522 | D:1      | Reached XP level 3. HP: 30/33 MP: 2/6
  1030 | D:2      | Reached XP level 4. HP: 40/40 MP: 4/7
  1234 | D:2      | Found a glowing golden altar of the Shining One.
  1475 | D:3      | Noticed Arum's ghost (weakling OpEn)
  1680 | D:3      | Reached XP level 5. HP: 29/46 MP: 3/8
  2001 | D:3      | Noticed Grinder
  2202 | D:3      | Killed Grinder
  2202 | D:3      | Reached XP level 6. HP: 24/52 MP: 9/9
  2508 | D:3      | Killed Arum's ghost
  2508 | D:3      | Reached skill level 5 in Short Blades
  2927 | D:4      | Learned a level 3 spell: Regeneration
  2931 | D:4      | Learned a level 3 spell: Spectral Weapon
  3110 | D:4      | Noticed Sigmund
  3125 | D:4      | Killed Sigmund
  3125 | D:4      | Your scales start taking on a glossy black colour.
  3125 | D:4      | Reached XP level 7. HP: 59/59 MP: 3/10
  3125 | D:4      | Gained mutation: You are resistant to electric shocks. (rElec) [Black Draconian growth]
  3543 | D:4      | Reached skill level 1 in Shields
  3634 | D:5      | Entered Level 5 of the Dungeon
  3794 | D:5      | Noticed mortelune's ghost (novice DsIE)
  4064 | D:5      | Reached skill level 3 in Charms
  4180 | D:5      | Reached XP level 8. HP: 66/66 MP: 7/11
  4282 | D:5      | Found a blossoming altar of Fedhas.
  4568 | D:5      | Reached skill level 4 in Charms
  4579 | D:5      | Found Haczuk's Assorted Antiques.
  4594 | D:5      | Bought 3 scrolls of identify for 180 gold pieces
  4636 | D:5      | Found a staircase to the Ecumenical Temple.
  4645 | Temple   | Entered the Ecumenical Temple
  4766 | Temple   | Became a worshipper of the Wu Jian Council
  5085 | D:6      | Reached skill level 5 in Charms
  5250 | D:5      | Bought a scroll of identify for 60 gold pieces
  5533 | D:5      | Reached skill level 6 in Charms
  5738 | D:6      | Found a sacrificial altar of Ru.
  5975 | D:6      | Reached skill level 1 in Hexes
  6074 | D:6      | Reached * piety under Wu Jian
  6079 | D:6      | Got a shimmering scimitar {flame}
  6080 | D:6      | Identified the +0 scimitar "Unteduk" {flame, rPois} (You took it off an orc on level 6 of the Dungeon)
  6565 | D:7      | Reached XP level 9. HP: 71/71 MP: 8/13
  7185 | D:7      | Reached ** piety under Wu Jian
  7230 | D:7      | Reached skill level 7 in Charms
  7295 | D:7      | Paralysed by fainting for 8 turns
  7746 | D:8      | Noticed a two-headed ogre
  7755 | D:8      | Reached skill level 8 in Charms
  7798 | D:8      | Noticed Joseph
  7919 | D:8      | Reached skill level 1 in Long Blades
  8029 | D:8      | Noticed a two-headed ogre
  8037 | D:8      | Killed a two-headed ogre
  8137 | D:8      | Reached XP level 10. HP: 27/80 MP: 7/16
  8378 | D:8      | Reached skill level 5 in Fighting
  8405 | D:8      | Reached skill level 1 in Stealth
  8457 | D:8      | Noticed a three-headed hydra
  8461 | D:8      | Killed a one-headed hydra
  8579 | D:8      | Reached skill level 1 in Evocations
  8619 | D:8      | Reached *** piety under Wu Jian
  8765 | D:8      | HP: 3/83 [swamp worm (10)]
  8765 | D:8      | Mangled by a swamp worm

Vault maps used:
D:1:      dpeg_arrival_prison
D:2:      nicolae_tso_swordbearing_angel
D:3:      first_ration, uniq_grinder
D:4:      uniq_sigmund
D:5:      nicolae_overflow_crystal_walls, minmay_temple_entry_glass,
          serial_shops, shop
D:6:      nicolae_ru_path_of_blood
D:8:      lemuel_doored_altar, hangedman_ranch, nicolae_lava_and_water,
          grunt_ministairs_9, worms_lemuel, uniq_joseph
Temple:   regret_index_temple_waves

Skill      XL: |  1  2  3  4  5  6  7  8  9 10 |
---------------+-------------------------------+-----
Fighting       | 3 4 6 |  6.2
Dodging        | 3 4 |  4.0
Short Blades   | 4 6 |  6.0
Shields        | 4 |  4.6
Charms         | 3 6 8 |  8.0
Necromancy     | 2 |  2.2
Hexes          | 2 |  2.2
Spellcasting   | 3 4 |  4.1
Long Blades    | 4 |  4.9
Stealth        | 4 |  4.1
Evocations     | 2 |  2.0

Action                   |  1- 3 |  4- 6 |  7- 9 | 10-12 || total
-------------------------+-------+-------+-------+-------++-------
Melee: Short sword       |    67 |       |       |       ||    67
       Tailslap          |    10 |    16 |    61 |    12 ||    99
       Dagger            |    46 |   139 |   279 |     7 ||   471
       Scimitar          |       |       |   173 |    83 ||   256
Throw: Stone             |     4 |     8 |     4 |     1 ||    17
 Cast: Infusion          |    17 |    20 |    56 |     6 ||    99
       Regeneration      |       |       |     6 |     3 ||     9
       Spectral Weapon   |       |       |     2 |     4 ||     6
Invok: Lunge             |       |       |    11 |     6 ||    17
       Whirlwind         |       |       |     3 |     3 ||     6
       Wall Jump         |       |       |       |     1 ||     1
 Abil: Breathe Lightning |       |       |     2 |       ||     2
Evoke: Wand              |       |       |     1 |       ||     1
  Use: Scroll            |       |     2 |    13 |       ||    15
       Potion            |       |       |     1 |     2 ||     3
 Stab: Sleeping          |     1 |     1 |     1 |       ||     3
  Eat: Chunk             |     1 |     4 |    24 |     3 ||    32
       Ration            |       |     1 |       |       ||     1
Armor: Skin              |    40 |    34 |   119 |    57 ||   250
Dodge: Dodged            |    65 |    68 |   228 |    45 ||   406
Block: Buckler           |       |       |    62 |    13 ||    75
       Rpst.: Scimitar   |       |       |    34 |    10 ||    44

Table legend:
 A = Spawn XP
 B = Non-spawn XP
 C = Spawn XP percentage of total XP
 D = Spawn monster count
 E = Non-spawn monster count
 F = Spawn count percentage of total count
 G = Total turns spent on level
                    A         B        C        D         E        F      G
               +---------+---------+-------+---------+---------+-------+---------
         Total |       0 |    8175 |   0.0 |       0 |     215 |   0.0 |  8765
               +---------+---------+-------+---------+---------+-------+---------
           D:1 |       0 |      60 |   0.0 |       0 |      33 |   0.0 |   874
           D:2 |       0 |      66 |   0.0 |       0 |      20 |   0.0 |   562
           D:3 |       0 |     455 |   0.0 |       0 |      30 |   0.0 |  1453
           D:4 |       0 |     285 |   0.0 |       0 |       9 |   0.0 |   959
           D:5 |       0 |     920 |   0.0 |       0 |      25 |   0.0 |  1298
           D:6 |       0 |     989 |   0.0 |       0 |      27 |   0.0 |  1242
           D:7 |       0 |    1504 |   0.0 |       0 |      32 |   0.0 |  1252
           D:8 |       0 |    3896 |   0.0 |       0 |      39 |   0.0 |   951
               +---------+---------+-------+---------+---------+-------+---------
